 Dungeon Crawl Stone Soup version 0.25.0-9-g26727b6 (webtiles) character file.

Game seed: 454443074061743411

1934 Firecrotchwizard the Basher (level 8, -5/83 HPs)
             Began as a Troll Berserker on June 20, 2020.
             Was a Priest of Trog.
             Slain by a hog (6 damage)
             ... on level 7 of the Dungeon.
             The game lasted 00:07:28 (5118 turns).

Firecrotchwizard the Basher (Troll Berserker)       Turns: 5118, Time: 00:07:28

Health: -5/83      AC:  6    Str: 26    XL:     8   Next: 97%
Magic:  7/7        EV: 10    Int:  5    God:    Trog [***...]
Gold:   193        SH:  0    Dex:  9    Spells: 7/7 levels left

rFire    . . .     SeeInvis .   y - +5 flail (freeze)
rCold    . . .     Gourm    +   (no shield)
rNeg     . . .     Faith    .   b - +0 animal skin
rPois    .         Spirit   .   (helmet restricted)
rElec    .         Reflect  .   (no cloak)
rCorr    .         Harm     .   (gloves unavailable)
MR       .....                  (boots unavailable)
Stlth    +.........             (no amulet)
HPRegen  0.63/turn              (no ring)
MPRegen  0.10/turn              (no ring)

@: berserk cooldown, slowed, very slow
A: large, unfitting armour, claws 3, fast metabolism 3, gourmand, regeneration
1, shaggy fur 1, tough skin 3
a: Berserk, Trog's Hand, Renounce Religion


You were on level 7 of the Dungeon.
You worshipped Trog.
Trog was most pleased with you.
You were very full.

You visited 1 branch of the dungeon, and saw 6 of its levels.

You collected 193 gold pieces.

Inventory:

Hand Weapons
 a - a +0 mace
 y - a +5 flail of freezing (weapon)
Armour
 b - a +0 animal skin (worn)
Jewellery
 x - an uncursed amulet of regeneration {unknown}
Wands
 v - a wand of paralysis (6)
 w - a wand of iceblast (7)
Scrolls
 d - 3 scrolls of magic mapping {unknown}
 e - a scroll of amnesia {unknown}
 g - 5 scrolls of fog {unknown}
 k - 2 scrolls of teleportation {unknown}
 m - 4 scrolls of enchant armour {unknown}
 n - 3 scrolls of remove curse {unknown}
 p - 2 scrolls of enchant weapon {unknown}
 r - 2 scrolls of immolation {unknown}
 s - 5 scrolls of identify {unknown}
 t - a scroll of holy word {unknown}
 u - 3 scrolls of random uselessness {unknown}
Potions
 f - a potion of ambrosia {unknown}
 h - a potion of cancellation {unknown}
 i - 2 potions of heal wounds {unknown}
 j - a potion of degeneration {unknown}
 l - 4 potions of brilliance {unknown}
 o - a potion of curing {unknown}
 q - a potion of might {unknown}
 A - a potion of invisibility {unknown}
 B - a potion of haste {unknown}
Comestibles
 c - 10 rations
 z - 3 chunks of flesh


   Skills:
 + Level 6.0 Fighting
 * Level 9.1 Maces & Flails
 - Level 3.0 Dodging


You had 7 spell levels left.
You didn't know any spells.
Your spell library was empty.

Dungeon Overview and Level Annotations

Branches:
Dungeon (5/15)
 Temple: D:4-7

Altars:
Nemelex Xobeh


Innate Abilities, Weirdness & Mutations

You are too large for most types of armour.
You have claws for hands.
Your metabolism is lightning-fast.
You like to eat raw meat.
Your natural rate of healing is unusually fast.
You are covered in fur. (AC +1)
You have extremely tough skin. (AC +3)


Message History

You hit the hog. You freeze the hog.
The hog is lightly wounded.
The hog bites you!
* * * LOW HITPOINT WARNING * * *
The hog closely misses you.
You sock the hog! You freeze the hog.
The hog is heavily wounded.
The hog closely misses you. The hog bites you but does no damage.
You closely miss the hog.
The hog is heavily wounded.
The hog bites you.
* * * LOW HITPOINT WARNING * * *
The hog bites you.
* * * LOW HITPOINT WARNING * * *
You hit the hog. You freeze the hog.
The hog is severely wounded.
The hog bites you!
* * * LOW HITPOINT WARNING * * *
The hog bites you.
You die...

###.####.))#
##....##...##
##....#8...8#
##....##...##
##.........########
##.............รท).##
#...............#..#
#.........#######..#
#.........#%%..h@..#
[.........#%.%..#.##
..........###'#####
.##.####..#.....
..#.# #..#..... #.#.#
#..###### #.#.# ####
)...# ....#


You could see a hog.

Vanquished Creatures
  Grinder (D:3)
  3 hogs (D:7)
  A human (D:7)
  An ice beast (D:7)
  A phantom (D:4)
  A sky beast (D:5)
  An ogre (D:7)
  A bullfrog (D:7)
  2 scorpions
  4 wights (D:7)
  3 crimson imps
  4 hounds
  An orc priest (D:4)
  An orc wizard (D:4)
  3 worker ants
  A hound skeleton (D:4)
  5 adders
  A shadow imp (D:7)
  An adder skeleton (D:5)
  An adder zombie (D:5)
  A worm (D:2)
  3 dart slugs
  A leopard gecko (D:2)
  8 orcs
  9 bats
  3 giant cockroaches
  6 goblins
  12 hobgoblins
  7 jackals
  4 kobolds
  4 quokkas
  9 frilled lizards
  5 rats
109 creatures vanquished.

Notes
Turn   | Place    | Note
-------+----------+-------------------------------------------
     0 | D:1      | Firecrotchwizard the Troll Berserker began the quest for
                  | the Orb.
     0 | D:1      | Reached XP level 1. HP: 22/22 MP: 0/0
   183 | D:1      | Reached skill level 3 in Maces & Flails
   183 | D:1      | Reached XP level 2. HP: 29/29 MP: 1/1
   394 | D:1      | Reached ** piety under Trog
   687 | D:2      | Reached XP level 3. HP: 35/36 MP: 2/2
   951 | D:2      | Reached XP level 4. HP: 40/44 MP: 3/3
  1722 | D:3      | Reached skill level 4 in Maces & Flails
  1918 | D:3      | Found a sparkling altar of Nemelex Xobeh.
  2030 | D:3      | Reached *** piety under Trog
  2101 | D:3      | Noticed Grinder
  2118 | D:3      | Paralysed by Grinder for 6 turns
  2126 | D:3      | Killed Grinder
  2126 | D:3      | Reached skill level 5 in Maces & Flails
  2126 | D:3      | Reached XP level 5. HP: 48/54 MP: 4/4
  2126 | D:3      | Reached XP level 6. HP: 56/62 MP: 5/5
  2855 | D:4      | Reached XP level 7. HP: 39/70 MP: 6/6
  3147 | D:4      | Reached skill level 6 in Maces & Flails
  3751 | D:5      | Entered Level 5 of the Dungeon
  4174 | D:5      | You fall into a shaft and drop 2 floors!
  4278 | D:7      | Reached skill level 7 in Maces & Flails
  4389 | D:7      | Reached XP level 8. HP: 60/79 MP: 7/7
  4429 | D:7      | Reached skill level 5 in Fighting
  4827 | D:7      | Reached skill level 8 in Maces & Flails
  5106 | D:7      | Reached skill level 9 in Maces & Flails
  5118 | D:7      | HP: 1/83 [hog (8)]
  5118 | D:7      | Slain by a hog

Illustrated notes

Levels and vault maps discovered:
D:1:      dpeg_arrival_fog, layout_loops_ring, st_stairs_14, dk_noncrumbling_4
D:2:      layout_basic
D:3:      layout_loops_cross, nemelex_spade_bored_becter, uniq_grinder
D:4:      layout_layer_cave, first_ration
D:5:      layout_loops_ring, serial_shops, shop, uniq_duvessa
D:7:      layout_basic, overflow_temple_1_default, serial_corexii_hall,
          chequers_hall_statues_corner_a, corexii_hall_statues_i,
          chequers_hall_statues_y, corexii_hall_statues_l, grunt_livestock

Skill      XL: |  1  2  3  4  5  6  7  8 |
---------------+-------------------------+-----
Maces & Flails | 3 5 7 9 |  9.1
Fighting       | 3 4 6 |  6.0
Dodging        | 3 |  3.0

Action                   |  1- 3 |  4- 6 |  7- 9 || total
-------------------------+-------+-------+-------++-------
Melee: Mace              |   111 |   167 |   103 ||   381
       Flail             |       |       |    77 ||    77
Invok: Berserk           |       |     1 |     2 ||     3
       Trog's Hand       |       |     1 |       ||     1
 Stab: Sleeping          |       |       |     1 ||     1
  Eat: Chunk             |    15 |    18 |    18 ||    51
       Ration            |       |       |     1 ||     1
Armor: Animal skin       |    52 |    58 |    74 ||   184
Dodge: Dodged            |    66 |    77 |    87 ||   230
